 Dungeon Crawl Stone Soup version 0.29.1-13-g9f3cf754e1 (webtiles) character file.

Game seed: 15411863433330997159

404 Thatpatchoflichen the Chopper (level 6, -1/55 HPs)
             Began as a Hill Orc Gladiator on Jan 29, 2023.
             Slain by Grinder (6 damage)
             ... on level 5 of the Dungeon.
             The game lasted 00:08:40 (4363 turns).

Thatpatchoflichen the Chopper (Hill Orc Gladiator)  Turns: 4363, Time: 00:08:40

Health: -1/55      AC:  8    Str: 19    XL:     6   Next: 86%
Magic:  6/6        EV: 10    Int:  8    God:
Gold:   225        SH:  0    Dex: 12    Spells: 5/5 levels left

rFire   . . .      SeeInvis .   a - +0 war axe
rCold   . . .      Faith    .   t - orb {mayhem}
rNeg    . . .      Spirit   .   p - +0 scale mail
rPois   .          Reflect  .   c - +0 helmet
rElec   .          Harm     .   (no cloak)
rCorr   .          Rampage  .   (no gloves)
Will    .....                   (no boots)
Stlth   ..........              (no amulet)
HPRegen 0.18/turn               (no ring)
MPRegen 0.10/turn               (no ring)

@: no status effects
A: no striking features
a: no special abilities


You were on level 5 of the Dungeon.
You visited 1 branch of the dungeon, and saw 5 of its levels.

You collected 225 gold pieces.

Inventory:

Hand Weapons
 a - a +0 war axe (weapon)
Missiles
 d - 3 throwing nets
 e - a javelin
 v - 6 poisoned darts (quivered)
 D - 4 silver boomerangs
Armour
 c - a +0 helmet (worn)
 l - a +0 chain mail
 p - a +0 scale mail (worn)
 r - a +0 buckler
 t - an orb of mayhem (worn)
Jewellery
 w - a ring of ice
 H - an amulet of reflection
Scrolls
 b - a scroll of blinking {unknown}
 f - a scroll of brand weapon {unknown}
 h - a scroll of noise {unknown}
 m - a scroll of vulnerability {unknown}
 q - 5 scrolls of identify {unknown}
 u - a scroll of immolation {unknown}
 x - a scroll of teleportation {unknown}
 y - a scroll of enchant weapon {unknown}
 z - 2 scrolls of enchant armour {unknown}
 B - a scroll of fog {unknown}
 G - a scroll of amnesia {unknown}
Potions
 g - 2 potions of attraction {unknown}
 i - 3 potions of curing {unknown}
 j - a potion of cancellation {unknown}
 k - a potion of flight {unknown}
 n - 2 potions of degeneration {unknown}
 o - 2 potions of lignification {unknown}
 s - 2 potions of might {unknown}
 A - a potion of invisibility {unknown}
 C - a potion of mutation {unknown}
 E - a potion of brilliance {unknown}
 F - a potion of heal wounds {unknown}


   Skills:
 + Level 4.9 Fighting
 - Level 6.0 Axes
 - Level 1.7 Throwing
 + Level 3.5 Armour
 - Level 2.5 Dodging
 + Level 2.7 Evocations


You had 5 spell levels left.
You didn't know any spells.
Your spell library contained the following spells:

 Spells                   Type           Power      Damage    Failure   Level
 Freeze                   Ice            0%         1d3       77%         1
 Sandblast                Erth           0%         2d4       77%         1
 Shock                    Conj/Air       0%         1d3       77%         1
 Conjure Flame            Conj/Fire      0%         6-21      98%         3
 Frozen Ramparts          Ice            0%         1d1       98%         3
 Ignite Poison            Fire/Tmut/Pois 0%         N/A       98%         3
 Fulminant Prism          Conj/Hex       0%         3d6       100%        4
 Hailstorm                Conj/Ice       0%         3d3       100%        4
 Sticky Flame             Conj/Fire      0%         2d3       100%        4
 Statue Form              Tmut/Erth      0%         N/A       100%        6
 Lehudib's Crystal Spear  Conj/Erth      0%         10d2      100%        8


Dungeon Overview and Level Annotations

Branches:
Dungeon (5/15)
 Temple: D:4-7

Altars:
Vehumet
The Shining One

Shops:
D:4 =

Annotations:
D:5 Grinder


Message History

Grinder closely misses you.
You closely miss Grinder.
Grinder is lightly wounded.
Grinder gestures at you. You resist with significant effort.
You barely miss Grinder.
Grinder is lightly wounded.
Grinder hits you!
You writhe in agony.
You closely miss Grinder.
Grinder is lightly wounded.
Grinder misses you.
You slash Grinder!
Grinder is moderately wounded.
Grinder gestures at you. Pain shoots through your body!
You closely miss Grinder.
Grinder is moderately wounded.
Grinder closely misses you. Grinder gestures at you.
You barely resist. You slash Grinder!
Grinder is heavily wounded.
Grinder hits you!
You hit Grinder.
Grinder is severely wounded.
Grinder hits you.
You writhe in agony.
* * * LOW HITPOINT WARNING * * *
You closely miss Grinder.
Grinder is severely wounded.
Grinder hits you but does no damage.
You closely miss Grinder.
Grinder is severely wounded.
Grinder hits you!
* * * LOW HITPOINT WARNING * * *
You writhe in agony.
* * * LOW HITPOINT WARNING * * *
You hit Grinder but do no damage.
Grinder is severely wounded.
Grinder misses you. Grinder hits you.
You die...

### #.# ###.#####
##....#..##
#.....#...#.##
####.....#.......
#...............#
##......@...#..###
#......5.#......#
#....<#..#...(...
##................
##...............
####..........##.##
#.........[.... ##
#.............#
##....~~.....#


You could see Grinder.

Vanquished Creatures
  An ice beast (D:5)
  A centaur (D:4)
  A phantom (D:5)
  A necrophage (D:5)
  4 adders
  An ufetubus (D:5)
  A worm (D:2)
  A dart slug (D:3)
  10 ball pythons
  5 endoplasms
  4 giant cockroaches
  4 hobgoblins
  2 quokkas
  2 bats (D:2)
  4 frilled lizards
  11 goblins
  6 kobolds
  2 rats (D:2)
61 creatures vanquished.

Vanquished Creatures (collateral kills)
  A dart slug (D:5)
1 creature vanquished.

Grand Total: 62 creatures vanquished

Notes
Turn   | Place    | Note
-------+----------+-------------------------------------------
     0 | D:1      | Thatpatchoflichen the Hill Orc Gladiator began the quest
                  | for the Orb.
     0 | D:1      | Reached XP level 1. HP: 18/18 MP: 1/1
   358 | D:1      | Found a faded altar of an unknown god.
   469 | D:1      | Reached XP level 2. HP: 24/25 MP: 2/2
  1244 | D:1      | Reached skill level 1 in Armour
  1325 | D:2      | Found a radiant altar of Vehumet.
  1513 | D:2      | Got the Tractate on the Dynamic Rocks
  1707 | D:2      | Reached XP level 3. HP: 28/31 MP: 3/3
  2828 | D:3      | Reached XP level 4. HP: 38/38 MP: 4/4
  3414 | D:3      | Found a glowing golden altar of the Shining One.
  3610 | D:4      | Found Dipeol's Jewellery Shoppe.
  3662 | D:5      | Entered Level 5 of the Dungeon
  3662 | D:5      | Noticed a centaur
  3666 | D:4      | Killed a centaur
  3667 | D:4      | Reached skill level 5 in Axes
  3667 | D:4      | Reached skill level 1 in Evocations
  3667 | D:4      | Reached XP level 5. HP: 44/46 MP: 5/5
  4051 | D:5      | Noticed an ice beast
  4058 | D:5      | Killed an ice beast
  4059 | D:5      | Reached XP level 6. HP: 39/53 MP: 6/6
  4264 | D:5      | Reached skill level 6 in Axes
  4349 | D:5      | Noticed Grinder
  4350 | D:5      | Paralysed by Grinder for 2 turns
  4363 | D:5      | Slain by Grinder

Illustrated notes

Levels and vault maps discovered:
D:1:      sevenhm_arrival_forest_fort_small_3, layout_basic,
          chequers_ecumenical_altar_island
D:2:      layout_basic, basic_altar, minmay_3d_cube
D:3:      layout_loops_ring, old_standard_altar, minmay_crystal_water,
          minmay_misc_feat_tower
D:4:      layout_rooms, serial_glass, glass_columns_a, glass_columns_a,
          serial_shops, shop, minmay_misc_feat_square
D:5:      layout_cave_pools, nicolae_kikubaaqudgha_miasma_corner,
          pdpol_wu_jian_five_deadly_venoms, serial_column_ruins,
          column_ruins_hut, column_ruins_square_medium, column_ruins_open_small,
          column_ruins_open_tiny, column_ruins_open_small_water,
          column_ruins_open_medium, uniq_grinder

Skill      XL: |  1  2  3  4  5  6 |
---------------+-------------------+-----
Fighting       | 3 4 |  4.9
Armour         | 1 2 3 |  3.5
Axes           | 5 6 |  6.0
Evocations     | 1 2 |  2.7
Throwing       | |  1.7
Dodging        | |  2.5

Action                   |  1- 3 |  4- 6 || total
-------------------------+-------+-------++-------
Melee: War axe           |   102 |    79 ||   181
       Punch             |     1 |       ||     1
Armor: Leather armour    |    21 |       ||    21
       Scale mail        |    27 |    34 ||    61
Dodge: Dodged            |    68 |    36 ||   104
